 Dungeon Crawl Stone Soup version 0.30.1-11-g7821555f0a (webtiles) character file.

Game seed: 16795378826401329190

3761 Marvel the Cleaver (level 10, -12/86 HPs)
             Began as a Hill Orc Fighter on Dec 19, 2023.
             Was a Priest of Okawaru.
             Killed by vampiric draining
             ... invoked by a vampire
              (14 damage)
             ... in a bailey.
             The game lasted 00:16:26 (6778 turns).

Marvel the Cleaver (Hill Orc Fighter)               Turns: 6778, Time: 00:16:27

Health: -12/86     AC: 24    Str: 27    XL:     10   Next: 15%
Magic:  0/9        EV:  8    Int: 11    God:    Okawaru [***...]
Gold:   527        SH: 15    Dex:  6    Spells: 9/9 levels left

rFire   . . .        a - +0 war axe
rCold   . . .        x - +0 tower shield
rNeg    . . .        k - +4 shadow dragon scales
rPois   .            (no helmet)
rElec   .            s - +0 cloak
rCorr   +            (no gloves)
SInv    +            v - +0 pair of boots
Will    .....        n - amulet of guardian spirit
Stlth   +++          o - ring of see invisible
HPRegen 0.34/turn    h - ring of resist corrosion
MPRegen 0.11/turn

%: guardian spirit
@: heroic
A: clever 1, clumsy 1, low MP 1, strong 1
a: Renounce Religion, Heroism


You were in a bailey.
You worshipped Okawaru.
Okawaru was most pleased with you.
You visited 1 branch of the dungeon, and saw 7 of its levels.
You also visited: Bailey.

You collected 527 gold pieces.

Inventory:

Hand Weapons
 a - a +0 war axe (weapon)
Missiles
 A - a throwing net (quivered)
Armour
 b - a +0 scale mail
 c - a +0 buckler
 k - +4 shadow dragon scales (worn)
 l - a +0 pair of gloves
 s - a +0 cloak (worn)
 v - a +0 pair of boots (worn)
 w - a +0 pair of gloves
 x - a +0 tower shield (worn)
Jewellery
 e - a ring of protection from cold
 h - a ring of resist corrosion (right hand)
 m - a +6 ring of intelligence
 n - an amulet of guardian spirit (around neck)
 o - a ring of see invisible (left hand)
 q - an amulet of the acrobat
 r - a ring of magical power
Wands
 t - a wand of roots (6)
 u - a wand of paralysis (5)
Scrolls
 f - 3 scrolls of teleportation
 g - a scroll of noise {unknown}
 i - 10 scrolls of identify
 y - 2 scrolls of enchant weapon {unknown}
 B - a scroll of blinking {unknown}
Potions
 d - a potion of might
 j - a potion of heal wounds {unknown}
 p - 2 potions of brilliance
 z - 2 potions of mutation
 C - a potion of degeneration {unknown}


   Skills:
 + Level 7.5(12.5) Fighting
 + Level 12.5(17.5) Axes
 + Level 8.3(13.3) Armour
 + Level 7.4(12.4) Shields
 + Level 0.4 Invocations
 + Level 0.3 Evocations


You had 9 spell levels left.
You didn't know any spells.
Your spell library contained the following spells:

 Spells                   Type           Power      Damage    Failure   Level
 Necrotise                Necr           0%         1d4       98%         1
 Slow                     Hex            0%         N/A       98%         1
 Sting                    Tmut/Pois      0%         1d3       98%         1
 Poisonous Vapours        Pois/Air       0%         N/A       99%         2
 Confusing Touch          Hex            0%         N/A       100%        3
 Ozocubu's Armour         Ice            0%         N/A       100%        3
 Portal Projectile        Hex/Tloc       0%         N/A       100%        3
 Vampiric Draining        Necr           0%         2d6       100%        3
 Cause Fear               Hex            0%         N/A       100%        4
 Olgreb's Toxic Radiance  Pois           0%         N/A       100%        4
 Agony                    Necr           0%         N/A       100%        5
 Blade Hands              Tmut           0%         N/A       100%        5
 Dragon Form              Tmut           0%         N/A       100%        7
 Ozocubu's Refrigeration  Ice            0%         4d7       100%        7
 Tukima's Dance           Hex            Unusable   N/A       N/A         3
 Dragon's Call            Summ           Unusable   N/A       N/A         9

Dungeon Overview and Level Annotations

Branches:
Dungeon (7/15)             Bailey (1/1)
 Temple: D:4-7

Altars:
Ashenzari
Cheibriados
Dithmenos
Kikubaaqudgha
Okawaru

Shops:
D:5 **

Annotations:
D:3 1 runed translucent door
D:4 Menkaure


Innate Abilities, Weirdness & Mutations

Your mind is acute. (Int +4, Str/Dex -1)
You are clumsy. (Dex -2)
Your magical capacity is low. (-10% MP)
Your muscles are strong. (Str +4, Int/Dex -1)


Message History

You barely miss the vampire.
The vampire is moderately damaged.
You block the vampire's attack. x2
You gain the combat prowess of a mighty hero.
You block the vampire's attack. x2
You hit the vampire but do no damage.
The vampire is moderately damaged.
You block the vampire's attack.
The vampire bites you but does no damage.
You hit the vampire but do no damage.
The vampire is moderately damaged.
You block the vampire's attack. x2
You slice the vampire!!
The vampire is almost destroyed.
The vampire draws life force from you!
* * * LOW HITPOINT WARNING * * *
The vampire is healed by the life force!
You barely miss the vampire.
The vampire is heavily damaged.
You block the vampire's attack. x2
You slash the vampire!
The vampire is severely damaged.
You hit the vampire but do no damage.
The vampire is severely damaged.
The vampire draws life force from you!
* * * LOW HITPOINT WARNING * * *
The vampire is healed by the life force!
You slash the vampire!
The vampire is almost destroyed.
The vampire hits you but does no damage.
You block the vampire's attack.
You hit the vampire.
The vampire is almost destroyed.
The vampire draws life force from you.
* * * LOW HITPOINT WARNING * * *
The vampire is healed by the life force!
It was a potion of mutation.
You feel extremely strange.
You feel clever.
You feel less energetic.
You feel clumsy.
You feel stronger. The vampire draws life force from you!
You die...

#### ![8## ## .!=##
#8. ...# #.. #..#
##########..# ##..#
#8......8#...##@V.#
#...)....##......##
#######...##....##
#8....##)..##''###
+#......#)........#
.#.......))......8#
.#...#....#########
.+...##..##...
.+....####....


You could see a vampire (invisible).

Vanquished Creatures
  A gargoyle (Bailey)
  Prince Ribbit (D:5)
  3 yaks (D:5)
  Edmund (D:6)
  Duvessa (D:6)
  2 orc warriors
  An ice beast (D:7)
  3 black bears
  2 phantoms
  A scorpion (D:5)
  Dowan (D:6)
  10 killer bees
  2 howler monkeys
  8 vampire bats (Bailey)
  5 wolf zombies (Bailey)
  A jelly (D:5)
  3 orc priests
  2 hounds
  Jessica (D:2)
  4 iguanas
  Natasha (twice) (D:3)
  3 orc wizards
  A mummy (D:6)
  10 gnolls
  13 adders
  17 orc zombies (Bailey)
  3 worms
  3 dart slugs
  17 orcs
  5 bats
  5 endoplasms
  4 giant cockroaches
  8 hobgoblins
  2 jackals (D:5)
  2 quokkas (D:4)
  4 ball pythons
  2 frilled lizards (D:3)
  12 goblins
  A goblin zombie (D:3)
  5 kobolds
  2 rats
174 creatures vanquished.

Notes
Turn   | Place    | Note
-------+----------+-------------------------------------------
     0 | D:1      | Marvel the Hill Orc Fighter began the quest for the Orb.
     0 | D:1      | Reached XP level 1. HP: 19/19 MP: 1/1
   241 | D:1      | Reached XP level 2. HP: 23/27 MP: 2/2
   276 | D:1      | Found a faded altar of an unknown god.
   507 | D:1      | Reached skill level 3 in Axes
   939 | D:2      | Reached XP level 3. HP: 32/33 MP: 3/3
  1025 | D:2      | Noticed Jessica
  1028 | D:2      | Killed Jessica
  1029 | D:2      | Reached XP level 4. HP: 22/40 MP: 4/4
  1112 | D:2      | Reached skill level 4 in Axes
  1780 | D:3      | Found a shadowy altar of Dithmenos.
  1901 | D:3      | Noticed a human
  1902 | D:3      | Found a runed translucent door.
  2040 | D:3      | Reached XP level 5. HP: 46/46 MP: 5/5
  2147 | D:3      | Noticed Natasha
  2155 | D:3      | Killed Natasha
  2287 | D:3      | Noticed Natasha
  2296 | D:3      | Killed Natasha
  2297 | D:3      | Reached skill level 5 in Axes
  2542 | D:4      | Reached XP level 6. HP: 53/53 MP: 6/6
  2611 | D:4      | Noticed a black bear
  2620 | D:4      | Killed a black bear
  2621 | D:4      | Reached skill level 6 in Axes
  2754 | D:4      | Found a broken altar of Ashenzari.
  2809 | D:4      | Reached skill level 5 in Armour
  2831 | D:4      | Found an ancient bone altar of Kikubaaqudgha.
  2849 | D:4      | Noticed a black bear
  2863 | D:4      | Killed a black bear
  2864 | D:4      | Reached skill level 7 in Axes
  2864 | D:4      | Reached XP level 7. HP: 43/60 MP: 5/7
  2927 | D:4      | Noticed Menkaure
  2980 | D:5      | Entered Level 5 of the Dungeon
  3027 | D:5      | Found Ea-nāṣir's Fine Metal Goods.
  3066 | D:5      | Reached skill level 5 in Fighting
  3068 | D:5      | Found Jaaw's Mayhem Merchandise.
  3300 | D:5      | Found an iron altar of Okawaru.
  3313 | D:5      | Became a worshipper of Warmaster Okawaru
  3344 | D:5      | Noticed a yak
  3344 | D:5      | Noticed a yak
  3345 | D:5      | Noticed a yak
  3357 | D:5      | Killed a yak
  3374 | D:5      | Killed a yak
  3375 | D:5      | Reached skill level 8 in Axes
  3375 | D:5      | Reached XP level 8. HP: 12/69 MP: 2/8
  3375 | D:5      | HP: 2/69 [yak (11)]
  3444 | D:5      | Killed a yak
  3444 | D:5      | Reached * piety under Okawaru
  3615 | D:5      | Noticed Prince Ribbit
  3632 | D:5      | Killed Prince Ribbit
  3796 | D:5      | Reached skill level 9 in Axes
  3906 | D:5      | Reached ** piety under Okawaru
  3993 | D:5      | Reached skill level 5 in Shields
  4454 | D:5      | Reached skill level 10 in Axes
  4454 | D:5      | Reached XP level 9. HP: 75/75 MP: 9/9
  5058 | D:6      | Found a snail-covered altar of Cheibriados.
  5073 | D:6      | Noticed Edmund
  5096 | D:6      | Killed Edmund
  5144 | D:6      | Noticed Dowan
  5150 | D:6      | Noticed Duvessa
  5179 | D:6      | Killed Duvessa
  5211 | D:6      | Killed Dowan
  5365 | D:6      | Reached skill level 11 in Axes
  6289 | D:7      | Found a flagged portal.
  6317 | Bailey   | Entered a bailey
  6535 | Bailey   | Reached *** piety under Okawaru
  6567 | Bailey   | Reached skill level 12 in Axes
  6570 | Bailey   | Reached XP level 10. HP: 86/86 MP: 10/10
  6697 | Bailey   | Noticed a gargoyle
  6702 | Bailey   | Killed a gargoyle
  6777 | Bailey   | HP: 2/86 [vampire/vampiric draining (5)]
  6778 | Bailey   | Gained mutation: Your mind is acute. (Int +4, Str/Dex -1)
                  | [potion of mutation]
  6778 | Bailey   | Gained mutation: Your magical capacity is low. (-10% MP)
                  | [potion of mutation]
  6778 | Bailey   | Gained mutation: You are clumsy. (Dex -2) [potion of
                  | mutation]
  6778 | Bailey   | Gained mutation: Your muscles are strong. (Str +4, Int/Dex
                  | -1) [potion of mutation]
  6778 | Bailey   | Killed from afar by a vampire

Illustrated notes

Levels and vault maps discovered:
D:1:      dpeg_arrival_castle, layout_basic,
          shapermc_ecumenical_altar_totnotflames, nrook_mini_backslash
D:2:      layout_loops_ring, uniq_jessica
D:3:      layout_basic, dk_yredelemnul_ordeal, amcnicky_altar_gilded,
          kennysheep_nondescript, minmay_misc_feat_nine_boxes,
          kennysheep_big_empty_room, uniq_natasha
D:4:      layout_gridville, mainiacjoe_overflow_tiny_flanked,
          kiku_gazebo_garden_becter, uniq_menkaure
D:5:      layout_loops_ring, okawaru_trees_1, minmay_shop_mayhem,
          kennysheep_cross_bottleneck, nicolae_ea-nasir_strikes_again,
          uniq_prince_ribbit1
D:6:      layout_loops_ring, slow_altar_1, uniq_edmund, uniq_duvessa
D:7:      layout_basic, nicolae_overflow_hidden_temple,
          minmay_temple_entry_statues_fountains, enter_bailey_3
Bailey:   bailey_polearm_vampire_castle_hellmonk, bailey

Skill      XL: |  1  2  3  4  5  6  7  8  9 10 |
---------------+-------------------------------+-----
Axes           | 3 4 5 7 8 10 12 | 12.5
Fighting       | 4 5 6 7 |  7.5
Armour         | 4 5 6 7 8 |  8.3
Shields        | 4 5 6 7 |  7.4
Invocations    | |  0.4
Evocations     | |  0.3

Action                     |  1- 3 |  4- 6 |  7- 9 | 10-12 || total
---------------------------+-------+-------+-------+-------++-------
  Melee: War axe           |    75 |   184 |   406 |    71 ||   736
 Invoke: Heroism           |       |       |     5 |     1 ||     6
  Evoke: Wand              |       |       |     2 |       ||     2
    Use: Potion            |       |     2 |     5 |     1 ||     8
         Scroll            |       |       |    10 |       ||    10
   Stab: Paralysed         |       |       |     4 |       ||     4
         Sleeping          |       |       |     2 |       ||     2
 Armour: Scale mail        |    31 |   121 |    28 |       ||   180
         Shadow dragon sca |       |       |   205 |    45 ||   250
  Dodge: Dodged            |    35 |    94 |   131 |    20 ||   280
  Block: Buckler           |    16 |    48 |    50 |       ||   114
         Tower shield      |       |       |   178 |    74 ||   252
